 Dungeon Crawl Stone Soup version 0.19.1 (webtiles) character file.

74831 ringo67 the Arsonist (level 15, -3/91 HPs)
             Began as a Deep Elf Fire Elementalist on Nov 25, 2016.
             Was a High Priest of Vehumet.
             Slain by an orc knight
             ... wielding a +3 long sword
              (15 damage)
             ... while paralysed by an orc sorcerer
             ... on level 2 of the Orcish Mines.
             The game lasted 03:09:05 (31540 turns).

ringo67 the Arsonist (Deep Elf Fire Elementalist)  Turns: 31540, Time: 03:09:05

Health: -3/91      AC: 12    Str:  5    XL:     15   Next: 7%
Magic:  28/32      EV:  2    Int: 27    God:    Vehumet [*****.]
Gold:   1458       SH:  0    Dex: 15    Spells: 6 memorised, 15 levels left

rFire  + . .     SeeInvis .     W - +7 demon trident "Ismunum" {elec, *Contam rElec rPois rN++}
rCold  + . .     Gourm    +     Z - +0 mottled dragon scales
rNeg   + + .     Faith    .     V - +3 buckler {rC+}
rPois  +         Spirit   .     (no helmet)
rElec  +         Reflect  .     F - +0 cloak
rCorr  .         Harm     .     n - +0 pair of gloves
MR     +....                    p - +2 pair of boots
Stlth  ++........               O - amulet of the gourmand
                                S - +4 ring of evasion
                                x - ring of protection from fire

@: paralysed, repel missiles
A: MP-powered wands
a: Renounce Religion


You were on level 2 of the Orcish Mines.
You worshipped Vehumet.
Vehumet was extremely pleased with you.
You were very full.

You visited 4 branches of the dungeon, and saw 20 of its levels.
You also visited: Ice Cave.

You collected 1658 gold pieces.
You spent 200 gold pieces at shops.

Inventory:

Hand Weapons
 W - the +7 demon trident "Ismunum" (weapon) {elec, *Contam rElec rPois rN++}
   (You found it in an ice cave)

   Occasionally, upon striking a foe, it will discharge some electrical energy
   and cause terrible harm.
   It insulates you from electricity.
   It protects you from poison.
   It greatly protects you from negative energy.
   It causes magical contamination when unequipped.
Armour
 n - a +0 pair of gloves (worn)
 p - a +2 pair of boots (worn)
 F - a +0 cloak (worn)
 G - a +1 robe of magic resistance
 V - a +3 buckler of cold resistance (worn)
 Z - +0 mottled dragon scales (worn)
Magical Staves
 b - an uncursed staff of energy
Jewellery
 x - a ring of protection from fire (left hand)
 N - an uncursed ring of resist corrosion
 O - an amulet of the gourmand (around neck)
 S - a +4 ring of evasion (right hand)
Wands
 s - a wand of iceblast (7/15)
 B - a wand of hasting (5/9)
 H - a wand of teleportation (0/9)
Scrolls
 e - a scroll of fog
 g - 4 scrolls of teleportation
 l - 6 scrolls of remove curse
 q - 3 scrolls of magic mapping
 r - a scroll of identify
 J - a scroll of enchant weapon
 L - a scroll of enchant armour
 M - 2 scrolls of amnesia
 Y - a scroll of blinking
Potions
 a - a potion of cancellation
 d - a potion of might {unknown}
 f - a potion of flight
 h - 2 potions of heal wounds
 j - 2 potions of agility
 t - 9 potions of curing
 u - 2 potions of magic
 v - 4 potions of haste
 w - 2 potions of berserk rage
 C - a potion of invisibility
 D - a potion of resistance
 T - 2 potions of cure mutation
Books
 i - a book of Ice

   Spells                             Type                      Level
   a - Ice Form                       Ice/Transmutation            4
   b - Metabolic Englaciation         Hexes/Ice                    5
   c - Ozocubu's Refrigeration        Ice                          6
   d - Bolt of Cold                   Conjuration/Ice              6
   e - Freezing Cloud                 Conjuration/Ice/Air          6
   f - Simulacrum                     Ice/Necromancy               6
 z - a book of Cantrips

   Spells                             Type                      Level
   a - Confusing Touch                Hexes                        1
   b - Animate Skeleton               Necromancy                   1
   c - Summon Small Mammal            Summoning                    1
   d - Apportation                    Translocation                1
 I - a book of Enchantments

   Spells                             Type                      Level
   a - Cause Fear                     Hexes                        4
   b - Yara's Violent Unravelling     Hexes/Transmutation          5
   c - Silence                        Hexes/Air                    5
   d - Deflect Missiles               Charms/Air                   6
   e - Discord                        Hexes                        8
 K - a book of Minor Magic

   Spells                             Type                      Level
   a - Magic Dart                     Conjuration                  1
   b - Blink                          Translocation                2
   c - Call Imp                       Summoning                    2
   d - Repel Missiles                 Charms/Air                   2
   e - Slow                           Hexes                        2
   f - Conjure Flame                  Conjuration/Fire             3
   g - Mephitic Cloud                 Conjuration/Poison/Air       3
 U - a book of Flames

   Spells                             Type                      Level
   a - Flame Tongue                   Conjuration/Fire             1
   b - Throw Flame                    Conjuration/Fire             2
   c - Conjure Flame                  Conjuration/Fire             3
   d - Inner Flame                    Hexes/Fire                   3
   e - Sticky Flame                   Conjuration/Fire             4
   f - Fireball                       Conjuration/Fire             5
Miscellaneous
 y - a lamp of fire (inert)
Comestibles
 c - 14 bread rations
 k - 8 chunks of flesh
 o - 8 slices of pizza
 A - 10 beef jerkies
 E - 22 fruits
 P - 7 meat rations
 X - 12 royal jellies


   Skills:
 + Level 9.4 Fighting
 + Level 2.9 Armour
 - Level 10.3 Dodging
 - Level 2.4 Stealth
 - Level 4.0 Shields
 + Level 11.3 Spellcasting
 - Level 13.0 Conjurations
 - Level 14.0 Fire Magic
 + Level 9.3 Air Magic
 + Level 7.8 Earth Magic


You had 15 spell levels left.
You knew the following spells:

 Your Spells              Type           Power        Failure   Level  Hunger
a - Flame Tongue          Conj/Fire      #####        1%          1    None
b - Conjure Flame         Conj/Fire      ######..     1%          3    None
c - Sticky Flame          Conj/Fire      ######..     1%          4    None
d - Fireball              Conj/Fire      ######....   1%          5    ###....
e - Repel Missiles        Chrm/Air       #####.       1%          2    None
f - Iron Shot             Conj/Erth      ######....   5%          6    #####..


Dungeon Overview and Level Annotations

Branches:
Dungeon (11/15)            Temple (1/1) D:6            Lair (6/6) D:10
  Swamp (0/4) Lair:2        Snake (0/4) Lair:4        Slime (0/5) Lair:5
    Orc (2/2) D:9             Elf (0/3) Orc:2

Altars:
Ashenzari
Fedhas
Okawaru
Qazlal
Vehumet
Xom

Shops:
D:5 *   D:6 :   D:10 ?   D:11 *   Orc:2 ([=*

Portals:
Trove: D:11 (give +7 demon blade)


Innate Abilities, Weirdness & Mutations

You expend magic power (3 MP) to strengthen your wands.


Message History

The soul eater draws from the surrounding life force!
The orc priest calls down the wrath of Beogh upon you.
Beogh smites you! The hellwing hits you! The hellwing completely misses you.
The orc knight unwields an uncursed arbalest.
The orc knight wields an uncursed enchanted long sword.
The orc knight hits you with an uncursed enchanted long sword!!
The hellwing hits you but does no damage.
The hellwing hits you.
* * * LOW HITPOINT WARNING * * *
The hellwing hits you but does no damage.
The hellwing barely misses you.
The orc knight hits you with an uncursed enchanted long sword!
* * * LOW HITPOINT WARNING * * *
The orc priest looks braver for a moment.
The orc sorcerer hits you with a dagger.
* * * LOW HITPOINT WARNING * * *
The hellwing hits you but does no damage. x2
The orc knight hits you with an uncursed enchanted long sword!
You die...

.# #........P.........# ##
....#.....P4.....## #
######.................#
....#....P.P...........#
##..#......P...........#
###....#......P.o........#
##............P.3..(......#
#............Pooo8.......##
#.........(#..P.@P....#...#
.........(......4........##
.....).........P...P###.##
.....(......#...##### ###
.....#...........#
....#####.......## ...##
##.......# ..####
#..)....## .(##.####.....##


You could see an orc knight, a soul eater, a hellwing, a chaos spawn
(wandering), an orc sorcerer and 2 orc priests.

Vanquished Creatures
  Gastronok (Orc:1)
  A reaper (IceCv)
  A stone giant (Orc:2)
  3 ettins (Orc:2)
  Snorg (Orc:1)
  A fire dragon (Lair:6)
  2 hydras
  A catoblepas (Lair:6)
  A tengu warrior (D:9)
  5 death yaks (Lair:5)
  Nergalle (D:11)
  An unseen horror (D:11)
  Pikel (D:6)
  A lindwurm (Lair:6)
  4 hill giants
  An ugly thing (D:11)
  An orc sorcerer (Orc:2)
  9 cyclopes
  3 orc knights
  An oklob plant (Lair:1)
  11 elephants
  5 black mambas
  Joseph (D:7)
  2 ice statues (IceCv)
  3 molten gargoyles (Lair:6)
  12 spiny frogs
  A torpor snail (Lair:5)
  3 rime drakes
  A centaur skeleton (D:11)
  9 ice devils (IceCv)
  13 komodo dragons
  A queen bee (Lair:5)
  A tengu conjurer (D:9)
  3 meliai (Lair:5)
  A two-headed ogre (D:11)
  2 polar bears
  2 trolls
  10 blink frogs (Lair:5)
  A hornet (D:11)
  Grinder (D:5)
  12 dream sheep
  3 slime creatures
  6 hippogriffs
  Sigmund (D:6)
  A shadow (D:11)
  A wraith (D:11)
  6 wyverns
  3 hogs (D:8)
  A human (D:8)
  Grum (D:9)
  8 basilisks
  Eustachio (D:6)
  48 yaks
  2 hungry ghosts
  A steam dragon (Lair:6)
  A warg (Orc:1)
  2 mottled dragons
  4 nagas (Lair:4)
  6 swamp worms (Lair:2)
  4 hell hounds (Lair:6)
  6 porcupines
  11 water moccasins
  16 orc warriors
  A black bear (D:10)
  2 phantoms
  12 ice beasts
  6 necrophages
  7 wolves
  5 centaurs
  4 ogres
  19 crocodiles
  A gnoll sergeant (D:5)
  13 bullfrogs
  3 scorpions
  27 killer bees
  9 wights
  3 electric eels
  12 crimson imps
  4 lava snakes (Lair:6)
  3 centaur zombies
  A quasit (D:11)
  9 hounds
  3 bullfrog zombies
  A gnoll shaman (D:9)
  15 jellies
  9 orc priests
  4 bullfrog skeletons
  4 iguanas
  22 orc wizards
  9 worker ants
  A killer bee zombie (D:7)
  2 hound zombies
  A worker ant zombie (D:9)
  16 gnolls
  12 adders
  A shadow imp (D:8)
  6 white imps (IceCv)
  5 ufetubi (IceCv)
  2 oozes
  2 adder skeletons
  4 worms
  3 dart slugs
  4 leopard geckos
  73 orcs
  2 giant cockroaches
  4 goblins
  3 hobgoblins
  7 jackals
  7 kobolds
  5 quokkas
  8 bats
  4 frilled lizards
  A quokka skeleton (D:5)
  A rat (D:3)
  A fungus (Lair:2)
651 creatures vanquished.

Vanquished Creatures (others)
  2 slaves (D:6)
  3 white imps (IceCv)
  6 ufetubi (IceCv)
  2 orcs (D:6)
  3 bushes
  24 fungi
  8 plants
48 creatures vanquished.

Grand Total: 699 creatures vanquished

Notes
Turn   | Place    | Note
-------+----------+-------------------------------------------
     0 | D:1      | ringo67 the Deep Elf Fire Elementalist began the quest for the Orb.
     0 | D:1      | Reached XP level 1. HP: 10/10 MP: 6/6
   365 | D:1      | Reached XP level 2. HP: 15/15 MP: 0/8
  1148 | D:2      | Reached XP level 3. HP: 14/19 MP: 8/10
  1427 | D:3      | Reached skill level 4 in Fire Magic
  1449 | D:3      | Reached XP level 4. HP: 20/24 MP: 1/12
  2179 | D:4      | Found a shattered altar of Ashenzari.
  2451 | D:4      | Reached XP level 5. HP: 24/28 MP: 8/13
  2774 | D:4      | Reached skill level 5 in Spellcasting
  2774 | D:4      | Reached skill level 5 in Fire Magic
  2925 | D:4      | Learned a level 3 spell: Conjure Flame
  2930 | D:4      | Learned a level 4 spell: Sticky Flame
  3148 | D:4      | Reached XP level 6. HP: 22/32 MP: 12/15
  3491 | D:5      | Entered Level 5 of the Dungeon
  3889 | D:5      | Reached skill level 5 in Conjurations
  3889 | D:5      | Reached skill level 6 in Fire Magic
  3921 | D:5      | Noticed Grinder
  3946 | D:5      | Reached XP level 7. HP: 31/36 MP: 7/16
  4046 | D:5      | Found Wigocew's General Store.
  4626 | D:5      | Paralysed by Grinder for 3 turns
  4656 | D:5      | Paralysed by Grinder for 3 turns
  4661 | D:5      | Killed Grinder
  4661 | D:5      | Reached skill level 7 in Fire Magic
  5166 | D:5      | Reached XP level 8. HP: 36/41 MP: 6/17
  5368 | D:6      | Found a staircase to the Ecumenical Temple.
  5378 | D:6      | Reached skill level 8 in Fire Magic
  5379 | D:6      | Noticed Eustachio
  5387 | Temple   | Entered the Ecumenical Temple
  5393 | Temple   | Became a worshipper of Vehumet
  5602 | D:6      | Killed Eustachio
  5772 | D:6      | Found an iron altar of Okawaru.
  5826 | D:6      | Noticed Sigmund
  5835 | D:6      | Killed Sigmund
  6196 | D:6      | Noticed Pikel
  6206 | D:6      | Killed Pikel
  6206 | D:6      | Reached skill level 1 in Fighting
  6206 | D:6      | Reached skill level 9 in Fire Magic
  6206 | D:6      | Reached XP level 9. HP: 44/48 MP: 3/18
  6424 | D:6      | Learned a level 5 spell: Fireball
  6614 | D:6      | Found Ohorits's Book Shoppe.
  6644 | D:6      | Bought a book of Minor Magic for 200 gold pieces
  6647 | D:6      | Learned a level 2 spell: Repel Missiles
  6941 | D:7      | Reached * piety under Vehumet
  6941 | D:7      | Offered knowledge of Freeze by Vehumet.
  7309 | D:7      | Reached skill level 5 in Dodging
  7587 | D:7      | Noticed Joseph
  8010 | D:7      | Killed Joseph
  8792 | D:8      | Reached XP level 10. HP: 55/55 MP: 20/22
  8981 | D:8      | Reached ** piety under Vehumet
  8981 | D:8      | Offered knowledge of Shock by Vehumet.
  9435 | D:8      | Reached skill level 10 in Fire Magic
 10296 | D:9      | Reached skill level 1 in Air Magic
 10409 | D:9      | Offered knowledge of Ignite Poison by Vehumet.
 10680 | D:9      | Noticed Grum
 10733 | D:9      | Killed Grum
 10733 | D:9      | Reached *** piety under Vehumet
 10733 | D:9      | Reached skill level 10 in Conjurations
 10982 | D:9      | Noticed a tengu warrior
 11396 | D:9      | Offered knowledge of Throw Icicle by Vehumet.
 11970 | D:9      | Reached XP level 11. HP: 61/61 MP: 17/24
 12010 | D:9      | Found a staircase to the Orcish Mines.
 12021 | D:9      | Reached **** piety under Vehumet
 12069 | D:10     | Entered Level 10 of the Dungeon
 12087 | D:10     | Noticed a hill giant
 12101 | D:10     | Noticed a hill giant
 12111 | D:9      | Killed a hill giant
 12260 | D:9      | Reached skill level 5 in Fighting
 12270 | D:9      | Killed a tengu warrior
 12464 | D:10     | Offered knowledge of Iskenderun's Mystic Blast by Vehumet.
 12464 | D:10     | Reached skill level 11 in Fire Magic
 12904 | D:10     | Found Xonweschuwn's Magic Scroll Emporium.
 12925 | D:10     | Killed a hill giant
 13054 | D:10     | Noticed a hill giant
 13065 | D:10     | Killed a hill giant
 13263 | D:10     | Found a staircase to the Lair.
 14011 | D:11     | Found a frozen archway.
 14471 | IceCv    | Entered an ice cave
 14896 | IceCv    | Reached ***** piety under Vehumet
 14959 | IceCv    | Reached skill level 5 in Air Magic
 15480 | IceCv    | Reached XP level 12. HP: 70/70 MP: 17/25
 15553 | IceCv    | Reached skill level 1 in Shields
 16081 | IceCv    | Noticed a reaper
 16218 | IceCv    | Killed a reaper
 16489 | IceCv    | Got a slimy demon trident
 16501 | IceCv    | Identified the +7 demon trident "Ismunum" {elec, *Contam rElec rPois rN++} (You found it in an ice cave)
 17204 | D:11     | Noticed Nergalle
 17223 | D:11     | Killed Nergalle
 17223 | D:11     | Reached skill level 12 in Fire Magic
 17389 | D:11     | Reached skill level 10 in Dodging
 17577 | D:11     | Found a blossoming altar of Fedhas.
 17583 | D:11     | Offered knowledge of Iron Shot by Vehumet.
 17591 | D:11     | Learned a level 6 spell: Iron Shot
 17755 | D:11     | Found a portal to a secret trove of treasure.
 17846 | D:11     | Found Qinouk's General Store.
 18152 | Lair:1   | Entered Level 1 of the Lair of Beasts
 18656 | Lair:1   | Reached skill level 1 in Earth Magic
 20054 | Lair:2   | Reached XP level 13. HP: 76/76 MP: 18/27
 20426 | Lair:2   | Found a staircase to the Swamp.
 21467 | Lair:4   | Reached skill level 13 in Fire Magic
 21704 | Lair:4   | Found a staircase to the Snake Pit.
 22209 | Lair:5   | Reached skill level 5 in Earth Magic
 22522 | Lair:5   | Offered knowledge of Delayed Fireball by Vehumet.
 22652 | Lair:5   | Found a staircase to the Slime Pits.
 23673 | Lair:5   | Offered knowledge of Lightning Bolt by Vehumet.
 24119 | Lair:5   | Reached XP level 14. HP: 62/84 MP: 24/29
 24335 | Lair:6   | Entered Level 6 of the Lair of Beasts
 26234 | Lair:6   | Reached skill level 10 in Spellcasting
 26607 | Lair:6   | Found a large runed door.
 27577 | Lair:6   | Found a large runed door.
 27931 | Lair:6   | Identified a scroll of acquirement
 27957 | Lair:6   | Got a fine falchion
 27958 | Lair:6   | Identified the +1 falchion of the Sky {pain, *Slow rPois MR+} (You found it on level 6 of the Lair of Beasts)
 27987 | Lair:6   | Gained mutation: You expend magic power (3 MP) to strengthen your wands. [mutagenic glow]
 28479 | Orc:1    | Entered Level 1 of the Orcish Mines
 28552 | Orc:1    | Noticed Gastronok
 28561 | Orc:1    | Reached skill level 1 in Armour
 29125 | Orc:1    | Killed Gastronok
 29314 | Orc:2    | Entered Level 2 of the Orcish Mines
 29317 | Orc:2    | Found Xymekea's Antique Armour Shop.
 29619 | Orc:2    | Reached skill level 14 in Fire Magic
 29657 | Orc:2    | Found a staircase to the Elven Halls.
 29671 | Orc:2    | Found Gero's Jewellery Boutique.
 29837 | Orc:2    | Offered knowledge of Spellforged Servitor by Vehumet.
 30469 | Orc:2    | Found Minamus's Antique Weapon Emporium.
 30494 | Orc:2    | Noticed Snorg
 30536 | Orc:1    | Killed Snorg
 30828 | Orc:2    | Reached XP level 15. HP: 90/90 MP: 16/32
 31118 | Orc:2    | Found Ihideili's General Store.
 31535 | Orc:2    | Paralysed by an orc sorcerer for 6 turns
 31540 | Orc:2    | Slain by an orc knight

Skill      XL: |  1  2  3  4  5  6  7  8  9 10 11 12 13 14 |
---------------+-------------------------------------------+-----
Conjurations   | 2 3 4 5 6 8 9 10 11 12 13 | 13.0
Fire Magic     | 4 5 6 7 9 10 11 12 13 14 | 14.0
Spellcasting   | 4 5 6 7 8 9 11 | 11.3
Fighting       | 1 3 4 6 7 8 9 |  9.4
Dodging        | 3 6 7 9 10 | 10.3
Air Magic      | 2 5 6 8 9 |  9.3
Shields        | 4 |  4.0
Earth Magic    | 2 6 7 |  7.8
Armour         | 2 |  2.9
Stealth        | |  2.4

Action                   |  1- 3 |  4- 6 |  7- 9 | 10-12 | 13-15 || total
-------------------------+-------+-------+-------+-------+-------++-------
Melee: Unarmed           |     2 |       |     1 |       |       ||     3
       Short sword       |       |    20 |   101 |   100 |       ||   221
       Staff             |       |       |       |    24 |       ||    24
       Demon trident     |       |       |       |    76 |   360 ||   436
 Cast: Flame Tongue      |    59 |   103 |   203 |   565 |   326 ||  1256
       Conjure Flame     |       |     1 |     1 |     1 |     1 ||     4
       Sticky Flame      |       |       |    34 |   136 |   188 ||   358
       Repel Missiles    |       |       |     2 |       |     3 ||     5
       Fireball          |       |       |       |    15 |    26 ||    41
       Iron Shot         |       |       |       |       |    37 ||    37
Evoke: Wand              |       |       |     1 |       |     4 ||     5
       Lamp of fire      |       |       |       |       |     1 ||     1
  Use: Scroll            |       |     1 |     6 |     7 |    22 ||    36
       Potion            |       |       |     1 |     2 |     4 ||     7
  Eat: Chunk             |     1 |     3 |    21 |    42 |    54 ||   121
       Meat ration       |       |     1 |       |       |       ||     1
       Pizza             |       |       |     1 |       |       ||     1
       Royal jelly       |       |       |       |     1 |       ||     1
Armor: Robe              |     9 |    15 |    59 |    55 |    44 ||   182
       Mottled dragon sc |       |       |       |       |    23 ||    23
Dodge: Dodged            |    23 |    46 |   161 |   349 |   418 ||   997
       Deflected         |       |       |     2 |     7 |     7 ||    16
Block: Buckler           |       |       |       |    40 |   191 ||   231
